 Dungeon Crawl Stone Soup version 0.27.1 (webtiles) character file.

Game seed: 4064456254613556265

893 Atelerd the Digger (level 8, -1/46 HPs)
             Began as an Octopode Earth Elementalist on Sept 2, 2021.
             Shot with an arrow by a centaur (8 damage)
             ... on level 5 of the Dungeon.
             The game lasted 00:08:15 (5466 turns).

Atelerd the Digger (Octopode Earth Elementalist)    Turns: 5466, Time: 00:08:16

Health: -1/46      AC:  1    Str: 11    XL:     8   Next: 6%
Magic:  3/15       EV: 13    Int: 19    God:
Gold:   190        SH:  0    Dex: 13    Spells: 12/17 levels left

rFire    + + .     SeeInvis .   c - +8 quarterstaff of Immorality {venom, rPois rF++ Will- Str+4}
rCold    . . .     Faith    .   (shield currently unavailable)
rNeg     . . .     Spirit   .   (helmet restricted)
rPois    +         Reflect  .   (no amulet)
rElec    .         Harm     .   (no ring)
rCorr    .         Rampage  .   (no ring)
Will     .....                  (no ring)
Stlth    ++++......             (no ring)
HPRegen  0.15/turn              (no ring)
MPRegen  0.14/turn              (no ring)
                                (no ring)
                                (no ring)

@: very slightly contaminated
A: almost no armour, amphibious, 8 rings, camouflage 1, gelatinous body 1,
(nimble swimmer 1), tentacles
a: no special abilities


You were on level 5 of the Dungeon.
You visited 1 branch of the dungeon, and saw 5 of its levels.

You collected 190 gold pieces.

Inventory:

Hand Weapons
 a - a +0 dagger
 c - the +8 quarterstaff of Immorality (weapon) {venom, rPois rF++ Will- Str+4}
   (You found it on level 4 of the Dungeon)

   It poisons the flesh of those it strikes.
   Str:       It affects your strength (+4).
   rF:        It greatly protects you from fire.
   rPois:     It protects you from poison.
   Will:      It decreases your willpower.
 p - a +4 dagger
Missiles
 b - 115 stones
Wands
 n - a wand of charming (13)
Scrolls
 e - 3 scrolls of identify {unknown}
 g - a scroll of noise {unknown}
 i - a scroll of teleportation {unknown}
 k - 2 scrolls of enchant weapon {unknown}
 l - a scroll of blinking {unknown}
 m - 2 scrolls of immolation {unknown}
Potions
 d - 2 potions of haste
 f - a potion of resistance {unknown}
 h - a potion of lignification {unknown}
 j - 2 potions of invisibility {unknown}
 o - a potion of might {unknown}
 q - a potion of magic {unknown}
 r - a potion of berserk rage {unknown}


   Skills:
 + Level 2.9 Dodging
 + Level 4.1 Stealth
 - Level 5.0 Spellcasting
 - Level 4.0 Transmutations
 - Level 6.0 Earth Magic


You had 12 spell levels left.
You knew the following spells:

 Your Spells              Type           Power      Damage    Failure   Level
a - Sandblast             Erth           54%        2d13      1%          1
p - Petrify               Tmut/Erth      23%        N/A       16%         4

Your spell library contained the following spells:

 Spells                   Type           Power      Damage    Failure   Level
 Passwall                 Tmut/Erth      19%        N/A       2%          2
 Stone Arrow              Conj/Erth      32%        3d9       11%         3
 Static Discharge         Conj/Air       4%         N/A       19%         2
 Sublimation of Blood     Necr           2%         N/A       19%         2
 Ozocubu's Armour         Ice            4%         N/A       36%         3
 Irradiate                Conj/Tmut      6%         3d15      83%         5
 Iron Shot                Conj/Erth      8%         9d3       99%         6


Dungeon Overview and Level Annotations

Branches:
Dungeon (5/15)
 Temple: D:4-7

Altars:
Fedhas
Kikubaaqudgha

Annotations:
D:3 exclusion: downstairs


Innate Abilities, Weirdness & Mutations

You cannot wear most types of armour.
You are amphibious.
You can wear up to eight rings at the same time.
Your skin changes colour to match your surroundings (Stealth+).
Your rubbery body absorbs attacks. (AC +1, EV +1)
((You are camouflaged near water. (Stealth+)))
You have tentacles for arms and can constrict up to eight enemies at once.


Message History

The scorpion is lightly wounded.
You constrict the scorpion.
The helpless scorpion fails to defend itself.
You hit the scorpion.
The scorpion looks as sick as possible!
The scorpion is moderately wounded.
You constrict the scorpion.
The centaur shouts!
The centaur wields a +0 shortbow.
The centaur shoots an arrow.
The arrow hits you.
The centaur shoots an arrow.
The arrow hits you.
Unknown command.
You release your grip on the scorpion.
You kill the scorpion!
The centaur shoots an arrow.
The arrow hits you!
You hear a shout!
Your Stealth skill increases to level 4!
You have reached level 8!
Casting: Petrify (quite dangerous; 16% risk of failure)
Confirm with . or Enter, or press ? or * to list all spells.
The spell is quite dangerous to cast (16% risk of failure)!
Continue anyway?
Aiming: Petrify (quite dangerous; 16% risk of failure)
Press: ? - help, Shift-Dir - straight line, f - centaur
Aim: a centaur, wielding a +0 shortbow and quivering arrows (chance to affect: 52%)
You miscast Petrify.
You are very lightly contaminated with residual magic.
Strange energies run through your body.
The centaur shoots an arrow.
The arrow hits you!
* * * LOW HITPOINT WARNING * * *
Unknown command.
Unknown command.
Casting: Petrify (quite dangerous; 16% risk of failure)
Confirm with . or Enter, or press ? or * to list all spells.
The spell is quite dangerous to cast (16% risk of failure)!
Continue anyway?
Aiming: Petrify (quite dangerous; 16% risk of failure)
Press: ? - help, Shift-Dir - straight line, f/p - centaur
Aim: a centaur, wielding a +0 shortbow and quivering arrows (chance to affect: 52%)
You miscast Petrify.
You feel a surge of energy from the ground.
* * * LOW HITPOINT WARNING * * *
The centaur shoots an arrow.
The arrow hits you!
You die...

## ##....... ....... ....
+........ .........
.....#######..
...............##)..##.. ..
#.....##..##.......#... ...
#.....##..##.......'... .
...##.............##...##.. ..
..................##...##..
..l.....c....@................
.............................
#...###..####..##..#########
###...###..####..##..##.######
......(.................#....#
.O......(.≈≈.≈≈.........#....#
........≈..≈.≈..≈.......#....'
........≈≈.....≈≈.......#....#
............_...........#....#


You could see a centaur.

Vanquished Creatures
  A black bear (D:5)
  An orc warrior (D:4)
  A necrophage (D:4)
  3 scorpions
  3 wights (D:5)
  A jelly (D:5)
  An orc priest (D:5)
  3 iguanas
  2 orc wizards (D:4)
  A hound skeleton (D:4)
  3 adders
  An adder skeleton (D:4)
  2 worms
  A dart slug (D:4)
  10 orcs
  8 ball pythons
  6 bats
  5 endoplasms
  2 goblins
  5 hobgoblins
  4 jackals (D:1)
  A quokka (D:1)
  7 frilled lizards
  7 kobolds
  5 rats
84 creatures vanquished.

Notes
Turn   | Place    | Note
-------+----------+-------------------------------------------
     0 | D:1      | Atelerd the Octopode Earth Elementalist began the quest for
                  | the Orb.
     0 | D:1      | Reached XP level 1. HP: 11/11 MP: 3/3
   493 | D:1      | Reached XP level 2. HP: 13/17 MP: 5/5
  1365 | D:1      | Found a faded altar of an unknown god.
  1428 | D:1      | Reached XP level 3. HP: 13/21 MP: 6/6
  2558 | D:3      | Got Boigim's Guide on Glacial Attacks
  2621 | D:3      | Found a blossoming altar of Fedhas.
  2650 | D:3      | Reached XP level 4. HP: 27/27 MP: 7/7
  3026 | D:4      | Noticed an orc warrior
  3473 | D:4      | Reached XP level 5. HP: 14/31 MP: 0/9
  3553 | D:4      | Identified the +8 quarterstaff of Immorality {venom, rPois
                  | rF++ Will- Str+4}
  3658 | D:4      | Learned a level 4 spell: Petrify
  3686 | D:4      | Killed an orc warrior
  3687 | D:4      | Reached skill level 4 in Earth Magic
  3687 | D:4      | Reached XP level 6. HP: 26/36 MP: 1/10
  3804 | D:4      | Noticed a necrophage
  3820 | D:4      | Killed a necrophage
  4110 | D:4      | Reached skill level 5 in Earth Magic
  4110 | D:4      | Reached XP level 7. HP: 26/41 MP: 11/13
  4464 | D:5      | Entered Level 5 of the Dungeon
  5112 | D:5      | Reached skill level 5 in Spellcasting
  5112 | D:5      | Reached skill level 6 in Earth Magic
  5436 | D:5      | Found an ancient bone altar of Kikubaaqudgha.
  5465 | D:5      | Reached XP level 8. HP: 27/46 MP: 11/15
  5466 | D:5      | Shot with an arrow by a centaur

Illustrated notes

Levels and vault maps discovered:
D:1:      amcnicky_arrival_flooded_fountain, layout_basic,
          shapermc_ecumenical_altar_mp_vishouse
D:2:      layout_basic, minmay_misc_feat_chi
D:3:      layout_loops_ring, mainiacjoe_overflow_boulevard
D:4:      kennysheep_six_static_rooms, layout_cave_pools
D:5:      minmay_spotlight, layout_gridville,
          mainiacjoe_overflow_small_starburst, mainiacjoe_overflow_alcove_1,
          corexii_shack

Skill      XL: |  1  2  3  4  5  6  7 |
---------------+----------------------+-----
Transmutations | 2 3 4 |  4.0
Spellcasting   | 3 4 5 |  5.0
Earth Magic    | 4 5 6 |  6.0
Stealth        | 4 |  4.1
Dodging        | |  2.9

Action                   |  1- 3 |  4- 6 |  7- 9 || total
-------------------------+-------+-------+-------++-------
Melee: Unarmed           |     7 |       |       ||     7
       Dagger            |    54 |    14 |       ||    68
       Constrict         |    16 |     7 |    11 ||    34
       Tentacles         |    10 |     6 |     4 ||    20
       Quarterstaff      |       |    24 |    36 ||    60
 Cast: Sandblast         |    18 |    27 |     9 ||    54
       Petrify           |       |     1 |     9 ||    10
  Use: Potion            |       |     4 |       ||     4
 Stab: Sleeping          |    14 |     1 |     5 ||    20
       Petrified         |       |     7 |    17 ||    24
Armor: Skin              |     6 |       |     3 ||     9
Dodge: Dodged            |    41 |    28 |    15 ||    84
